 Dungeon Crawl Stone Soup version 0.18.1-8-gdd0e5ea (webtiles) character file.

7 deorigin the Ruffian (level 2, -5/25 HPs)
             Began as a Naga Transmuter on May 23, 2016.
             Slain by a kobold
             ... wielding a +2 short sword of speed
              (6 damage)
             ... on level 1 of the Dungeon.
             The game lasted 00:00:34 (236 turns).

deorigin the Ruffian (Naga Transmuter)               Turns: 236, Time: 00:00:35

Health: -5/25      AC:  1    Str: 12    XL:     2   Next: 4%
Magic:  4/5        EV: 10    Int: 13    God:
Gold:   16         SH:  0    Dex: 11    Spells: 1 memorised, 4 levels left

rFire  . . .     SeeInvis +       - Unarmed
rCold  . . .     Gourm    .     b - +0 robe
rNeg   . . .     Faith    .     (no shield)
rPois  +         Spirit   .     (no helmet)
rElec  .         Dismiss  .     (no cloak)
rCorr  .         Reflect  .     (no gloves)
SustAt .         Harm     .     (no barding)
MR     .....                    (no amulet)
Stlth  +.........               (no ring)
                                (no ring)

@: short of breath, appendage (expiring), very slow, not resistant to hostile
enchantments, very unstealthy
A: horns 2, see invisible, deformed body, poison resistance, slowness 2, slow
metabolism 1, spit poison 2, AC +0
a: Spit Poison, End Transformation


You were on level 1 of the Dungeon.
You were not hungry.
You had grown temporary horns.
You visited 1 branch of the dungeon, and saw 1 of its levels.

You collected 16 gold pieces.

Inventory:

Missiles
 a - 12 arrows
Armour
 b - a +0 robe (worn)
Scrolls
 e - a scroll of recharging {unknown}
 h - a scroll of fear {unknown}
Potions
 g - a potion of brilliance {unknown}
Books
 c - a book of Changes

   Spells                             Type                      Level
   a - Beastly Appendage              Transmutation                1
   b - Sticks to Snakes               Transmutation                2
   c - Spider Form                    Transmutation/Poison         3
   d - Ice Form                       Ice/Transmutation            4
   e - Blade Hands                    Transmutation                5
Comestibles
 d - a bread ration
 f - a chunk of flesh


   Skills:
 - Level 1.0 Fighting
 - Level 1.5 Dodging
 - Level 3.0 Unarmed Combat
 - Level 2.0 Spellcasting
 + Level 2.7 Transmutations


You had 4 spell levels left.
You knew the following spells:

 Your Spells              Type           Power        Failure   Level  Hunger
a - Beastly Appendage     Trmt           #.....       10%         1    ##.....


Dungeon Overview and Level Annotations

Branches:
Dungeon (1/15)

Altars:


Innate Abilities, Weirdness & Mutations

You cannot wear boots.
Your serpentine skin is tough (AC +0).
You have supernaturally acute eyesight.
Armour fits poorly on your strangely shaped body.
Your system is resistant to poisons.
You cover ground very slowly.
You have a slow metabolism.
You can spit poison.
You have a pair of horns on your head.


Message History

You barely miss the bat. You headbutt the bat.
You kill the bat!
You have reached level 2!
You have got your breath back.
Press: ? - help, Shift-Dir - straight line, f - kobold
Aim: a kobold, wielding a short sword of speed The splash of poison misses the kobold.
You feel slightly more hungry.
Your transformation is almost over.
You miss the kobold.
You have got your breath back.
You miss the kobold. Your headbutt misses the kobold.
The kobold hits you with a short sword of speed.
* * * LOW HITPOINT WARNING * * *
The kobold barely misses you.
Press: ? - help, Shift-Dir - straight line, f/p - kobold
Aim: a kobold, wielding a short sword of speed The splash of poison hits the kobold.
The kobold appears unharmed.
You feel slightly more hungry.
The kobold hits you with a short sword of speed.
You die...

### ..############
#............#
#)...>.#####.#
..........##.###
#......##......#
#......#####.#.#####
..####.# #.#..@K.#
### #... ..#####.#
###. .... #.# .####
#)# # .. #)# # ..
#.. # ... # #.## #
#.#


You could see a kobold.

Vanquished Creatures
  A giant gecko (D:1)
  A bat (D:1)
  A goblin (D:1)
  2 hobgoblins (D:1)
5 creatures vanquished.

Notes
Turn   | Place    | Note
--------------------------------------------------------------
     0 | D:1      | deorigin the Naga Transmuter began the quest for the Orb.
     0 | D:1      | Reached XP level 1. HP: 18/18 MP: 3/3
   229 | D:1      | Reached XP level 2. HP: 1/25 MP: 3/5
   235 | D:1      | HP: 1/25 [kobold/short sword of speed (1)]
   236 | D:1      | Slain by a kobold

Action                   || total
-------------------------++-------
Melee: Unarmed           ||    15
       Headbutt          ||     1
       Punch             ||     1
 Cast: Beastly Appendage ||     1
 Abil: Spit Poison       ||     6
Armor: Robe              ||     1
Dodge: Dodged            ||     6
